 Dungeon Crawl Stone Soup version 0.19.0 (webtiles) character file.

1075 PurpleRed the Cleaver (level 8, -15/71 HPs)
             Began as a Minotaur Fighter on Nov 5, 2016.
             Demolished by an ogre
             ... wielding a +0 giant club
              (20 damage)
             ... on level 4 of the Dungeon.
             The game lasted 00:03:04 (2868 turns).

PurpleRed the Cleaver (Minotaur Fighter)            Turns: 2868, Time: 00:03:05

Health: -15/71     AC: 13    Str: 24    XL:     8   Next: 8%
Magic:  7/7        EV:  4    Int:  5    God:
Gold:   235        SH:  9    Dex:  9    Spells: 0 memorised, 7 levels left

rFire  . . .     SeeInvis .     a - +0 war axe
rCold  . . .     Gourm    .     e - +0 plate armour
rNeg   . . .     Faith    .     c - +0 shield
rPois  .         Spirit   .     (helmet restricted)
rElec  .         Reflect  .     (no cloak)
rCorr  .         Harm     .     (no gloves)
MR     .....                    (no boots)
Stlth  ..........               (no amulet)
                                (no ring)
                                (no ring)

@: no status effects
A: retaliatory headbutt, horns 2
a: no special abilities


You were on level 4 of the Dungeon.
You were near starving.

You visited 1 branch of the dungeon, and saw 5 of its levels.
You also visited: Ossuary.

You collected 235 gold pieces.

Inventory:

Hand Weapons
 a - a +0 war axe (weapon)
Armour
 b - a +0 scale mail
 c - a +0 shield (worn)
 e - a +0 plate armour (worn)
 h - a +0 cloak
Scrolls
 k - a scroll of remove curse
 p - a scroll of immolation {unknown}
 r - 2 scrolls of recharging {unknown}
 s - 3 scrolls of blinking {unknown}
 v - 3 scrolls of identify {unknown}
 w - a scroll of random uselessness {unknown}
 y - 2 scrolls of enchant weapon {unknown}
 A - 2 scrolls of enchant armour {unknown}
 B - a scroll of amnesia {unknown}
Potions
 i - 4 potions of curing
 j - 2 potions of heal wounds {unknown}
 l - a potion of ambrosia {unknown}
 o - a potion of lignification {unknown}
 q - a potion of cancellation {unknown}
 t - 2 potions of haste {unknown}
 u - a potion of resistance {unknown}
 x - a potion of degeneration {unknown}
 z - 2 potions of flight {unknown}
Comestibles
 f - 3 bread rations
 m - 3 meat rations
 n - 6 fruits


   Skills:
 + Level 6.8 Fighting
 * Level 8.1 Axes
 + Level 6.8 Armour
 - Level 3.7 Shields


You had 7 spell levels left.
You didn't know any spells.

Dungeon Overview and Level Annotations

Branches:
Dungeon (5/15)
 Temple: D:4-7

Altars:
Okawaru
Zin


Innate Abilities, Weirdness & Mutations

You reflexively headbutt those who attack you in melee.
You have a pair of horns on your head.


Message History

You hit the orc warrior.
The orc warrior is lightly wounded.
You slash the worm!
You kill the worm!
You slash the ogre!
The orc warrior hits you with a halberd of protection!
* * * LOW HITPOINT WARNING * * *
The orc hits you from afar with a trident.
* * * LOW HITPOINT WARNING * * *
The orc warrior hits you from afar with a halberd of protection.
* * * LOW HITPOINT WARNING * * *
There is a stone staircase leading up, spattered with blood here.
You block the ogre's attack.
The orc warrior hits you from afar with a halberd of protection.
* * * LOW HITPOINT WARNING * * *
The orc hits you but does no damage.
You climb upwards.
There is a stone staircase leading down here.
The ogre hits you with a giant club!!
You die...

#.####.# #.......###.# .......#
#........##.#
#####..####........##.#
#####........#.....##.#
.........##..#.....##.#
#......<..#..#.....##.#
#.........#..###..###.#
#.........#..###.O# #.#
######.......#..@># #.#
#.####.##.######.###
#.#.....#......#...#
#.#.....#.#(##.###.#
#.#...#.#)#.##.# #.#########
#####.......)).....###........#.
#.......#...#.#.#......######.#.
#.###.......#.#...####........#.
#.# #.#.....#.#################.


You could see an ogre.

Vanquished Creatures
  The ghost of PurpleRed the Chopper, an amateur MiFi of Makhleb (D:4)
  Purgy (D:4)
  A phantom (D:4)
  A centaur (D:5)
  2 elf zombies (Ossuary)
  3 orc priests
  A centaur skeleton (D:5)
  An iguana (D:5)
  3 orc wizards (D:4)
  3 mummies (Ossuary)
  4 gnolls (D:4)
  7 adders
  3 adder zombies (Ossuary)
  An adder skeleton (D:4)
  2 worms
  2 leopard geckos
  8 orcs
  4 bats
  2 giant cockroaches
  4 goblins
  2 hobgoblins (D:2)
  3 jackals (D:4)
  6 kobolds
  5 ball pythons
  8 frilled lizards (D:2)
  4 goblin zombies (Ossuary)
  3 hobgoblin zombies (Ossuary)
  2 kobold zombies (Ossuary)
  An orc zombie (Ossuary)
  5 rats
  3 rat zombies (Ossuary)
96 creatures vanquished.

Notes
Turn   | Place    | Note
-------+----------+-------------------------------------------
     0 | D:1      | PurpleRed the Minotaur Fighter began the quest for the Orb.
     0 | D:1      | Reached XP level 1. HP: 19/19 MP: 0/0
   100 | D:1      | You fall through a shaft!
   284 | D:2      | Reached XP level 2. HP: 22/27 MP: 1/1
   355 | D:2      | Reached skill level 3 in Axes
   360 | D:2      | Reached XP level 3. HP: 19/33 MP: 2/2
   993 | D:2      | Found a glowing silver altar of Zin.
   993 | D:2      | Noticed an angel
  1196 | D:3      | Reached XP level 4. HP: 40/40 MP: 3/3
  1413 | D:3      | Found a faded altar of an unknown god.
  1432 | D:3      | Reached skill level 4 in Axes
  1604 | D:4      | Noticed PurpleRed's ghost (amateur MiFi)
  1611 | D:4      | Killed PurpleRed's ghost
  1611 | D:4      | Reached skill level 5 in Fighting
  1611 | D:4      | Reached skill level 5 in Axes
  1611 | D:4      | Reached skill level 5 in Armour
  1611 | D:4      | Reached XP level 5. HP: 38/48 MP: 4/4
  1611 | D:4      | Reached XP level 6. HP: 44/56 MP: 5/5
  1781 | D:4      | Reached skill level 6 in Axes
  1814 | D:4      | Found a sand-covered staircase.
  1819 | Ossuary  | Entered an ossuary
  1961 | Ossuary  | Reached XP level 7. HP: 51/62 MP: 6/6
  2328 | D:4      | Reached skill level 7 in Axes
  2424 | D:4      | Found an iron altar of Okawaru.
  2478 | D:4      | Noticed Purgy
  2489 | D:4      | Killed Purgy
  2846 | D:5      | Entered Level 5 of the Dungeon
  2863 | D:5      | Reached skill level 8 in Axes
  2863 | D:5      | Reached XP level 8. HP: 39/71 MP: 7/7
  2868 | D:4      | Demolished by an ogre

Skill      XL: |  1  2  3  4  5  6  7 |
---------------+----------------------+-----
Fighting       | 4 5 6 |  6.8
Axes           | 3 5 6 8 |  8.1
Armour         | 4 5 6 |  6.8
Shields        | |  3.7

Action                   |  1- 3 |  4- 6 |  7- 9 || total
-------------------------+-------+-------+-------++-------
Melee: War axe           |    87 |   102 |   106 ||   295
       Headbutt          |     8 |    13 |    26 ||    47
  Use: Potion            |       |     1 |     1 ||     2
       Scroll            |       |       |     3 ||     3
  Eat: Chunk             |       |     3 |       ||     3
       Royal jelly       |       |       |     1 ||     1
Armor: Scale mail        |     4 |       |       ||     4
       Plate armour      |    54 |    59 |    85 ||   198
Dodge: Dodged            |    17 |    19 |    22 ||    58
Block: Shield            |    60 |    60 |    58 ||   178
